 Dungeon Crawl Stone Soup version 0.23.0-3-gf3c87f2 (console) character file.

Game seed: 6435756700917820424

265 fly the Ducker (level 6, -3/39 HPs)
             Began as a Halfling Conjurer on Feb 21, 2019.
             Slain by an ogre
             ... wielding a +0 giant spiked club
              (28 damage)
             ... on level 4 of the Dungeon.
             The game lasted 00:18:30 (5019 turns).

fly the Ducker (Halfling Conjurer)                  Turns: 5019, Time: 00:18:31

Health: -3/39      AC:  6    Str:  9    XL:     6   Next: 44%
Magic:  2/8        EV: 16    Int: 13    God:
Gold:   200        SH:  0    Dex: 17    Spells: 5/8 levels left

rFire    . . .     SeeInvis .   a - +2 quarterstaff (chaos)
rCold    . . .     Gourm    .   (shield currently unavailable)
rNeg     . . .     Faith    .   y - +0 leather armour
rPois    .         Spirit   .   (no helmet)
rElec    .         Reflect  .   q - +0 cloak
rCorr    .         Harm     .   (no gloves)
MR       .....                  o - +1 pair of boots {run}
Stlth    +++.......             (no amulet)
HPRegen  0.13/turn              d - ring of stealth
MPRegen  0.11/turn              (no ring)

@: quick
A: small, mutation resistance 1
a: no special abilities


You were on level 4 of the Dungeon.
You were not hungry.

You visited 1 branch of the dungeon, and saw 4 of its levels.

You collected 200 gold pieces.

Inventory:

Hand Weapons
 a - a +2 quarterstaff of chaos (weapon)
 b - a +0 long sword
Armour
 o - a +1 pair of boots of running (worn)
 q - a +0 cloak (worn)
 y - a +0 leather armour (worn)
Jewellery
 d - a ring of stealth (left hand)
Wands
 t - a wand of random effects (22)
Scrolls
 e - 3 scrolls of identify
 g - a scroll of blinking {unknown}
 h - 3 scrolls of remove curse
 m - a scroll of teleportation {unknown}
 u - 2 scrolls of magic mapping {unknown}
Potions
 f - a potion of heal wounds {unknown}
 i - 2 potions of might {unknown}
 j - a potion of brilliance {unknown}
 k - a potion of flight {unknown}
 l - 4 potions of curing {unknown}
 n - a potion of invisibility {unknown}
 p - a potion of ambrosia {unknown}
 r - 2 potions of agility {unknown}
Comestibles
 c - 6 rations
 s - a chunk of flesh


   Skills:
 - Level 2.0 Fighting
 + Level 2.9 Long Blades
 - Level 3.1 Armour
 - Level 4.0 Dodging
 - Level 2.1 Stealth
 - Level 1.5 Spellcasting
 - Level 3.2 Conjurations


You had 5 spell levels left.
You knew the following spells:

 Your Spells              Type           Power        Failure   Level  Hunger
s - Searing Ray           Conj           #.....       14%         2    ###....
z - Magic Dart            Conj           #...         10%         1    ##.....

Your spell library contained the following spells:

 Spells                   Type           Power        Failure   Level  Hunger
 Dazzling Spray           Conj/Hex       #.....       50%         3    ####...
 Iskenderun's Mystic Bla  Conj           #.......     67%         4    #####..
 Force Lance              Conj/Tloc      #.......     88%         4    #####..
 Fulminant Prism          Conj/Hex       #.........   88%         4    #####..


Dungeon Overview and Level Annotations

Branches:
Dungeon (4/15)
 Temple: D:4-7

Altars:
Gozag
Nemelex Xobeh
Ru
Vehumet
Xom


Innate Abilities, Weirdness & Mutations

You are small and have problems with some larger weapons.
You are somewhat resistant to further mutation.


Message History

A dart slug comes into view.
Casting: Magic Dart (safe; 10% risk of failure)
Confirm with . or Enter, or press ? or * to list all spells.
Aiming: Searing Ray (safe; 14% risk of failure)
Press: ? - help, Shift-Dir - straight line, f/p - ogre
Aim: an ogre, wielding a +0 giant spiked club (moderately wounded)
The searing ray hits the ogre.
The ogre is moderately wounded. (Press . to maintain the ray.)
The searing ray hits the ogre.
The ogre is heavily wounded.
The searing ray hits the ogre.
The ogre is severely wounded.
The ogre hits you with a +0 giant spiked club!
The searing ray hits the ogre.
The ogre is almost dead.
You finish channeling your searing ray.
The ogre hits you with a +0 giant spiked club!!
Ouch! That really hurt!
You die...

######.# #..#####.#####.#
#.###.........[....#
#..÷..######.##.##.# .#..
###.### #........ .....
##.## #.#####.# #... ##.#.##
#.#####.. #... ####>###.#
####.......#
###...#####.....#.##
#.....####.#
...............O@..###.....#
#.#
.....<.........#..>........#
#.#
†............#.#..####.....#
#.. #≈≈≈≈≈.####.##.#..#
#.....# ### ≈≈...≈≈#
#.......# ####### ≈...°.≈#
#.>.....# # ≈.°○..≈#
####.#### # ≈..☼..≈# #.# #
≈≈...≈≈# #.#


You could see an ogre.

Vanquished Creatures
  Crazy Yiuf (D:2)
  Terence (D:2)
  3 gnolls (D:3)
  8 adders
  A shadow imp (D:3)
  An ooze (D:4)
  5 dart slugs
  5 leopard geckos
  10 orcs (D:3)
  A ball python (D:3)
  3 giant cockroaches
  2 goblins
  8 hobgoblins
  A jackal (D:2)
  10 kobolds
  2 quokkas (D:2)
  5 bats
  4 frilled lizards
  9 rats
80 creatures vanquished.

Vanquished Creatures (others)
  2 iguanas (D:4)
  2 worker ants (D:4)
  A quokka (D:4)
5 creatures vanquished.

Grand Total: 85 creatures vanquished

Notes
Turn   | Place    | Note
-------+----------+-------------------------------------------
     0 | D:1      | fly the Halfling Conjurer began the quest for the Orb.
     0 | D:1      | Reached XP level 1. HP: 11/11 MP: 3/3
   256 | D:1      | Reached XP level 2. HP: 7/18 MP: 0/4
   507 | D:1      | Reached skill level 1 in Armour
   569 | D:1      | Found a sparkling altar of Nemelex Xobeh.
   822 | D:1      | Reached skill level 1 in Fighting
   978 | D:1      | Reached XP level 3. HP: 23/23 MP: 3/5
  1512 | D:2      | Found a sacrificial altar of Ru.
  1552 | D:2      | Reached skill level 3 in Dodging
  1667 | D:2      | Reached XP level 4. HP: 26/28 MP: 0/6
  2104 | D:2      | Noticed Terence
  2128 | D:3      | Learned a level 2 spell: Searing Ray
  2816 | D:2      | Found a runed translucent door.
  2817 | D:2      | Noticed Crazy Yiuf
  3082 | D:2      | Reached XP level 5. HP: 23/34 MP: 0/7
  3398 | D:2      | Killed Crazy Yiuf
  3640 | D:2      | Killed Terence
  3640 | D:2      | Reached skill level 4 in Dodging
  3827 | D:3      | Reached skill level 1 in Long Blades
  3891 | D:3      | Found an opulent altar of Gozag.
  4141 | D:3      | Reached XP level 6. HP: 39/39 MP: 2/8
  4443 | D:3      | Found a radiant altar of Vehumet.
  4976 | D:4      | Identified a +1 pair of boots of running (You found it on
                  | level 4 of the Dungeon)
  5001 | D:4      | Found a shimmering altar of Xom.
  5002 | D:4      | Noticed an ogre
  5019 | D:4      | Slain by an ogre

Skill      XL: |  1  2  3  4  5  6 |
---------------+-------------------+-----
Armour         | 1 2 3 |  3.1
Fighting       | 1 2 |  2.0
Dodging        | 3 4 |  4.0
Long Blades    | 1 2 |  2.9
Stealth        | |  2.1
Spellcasting   | |  1.5
Conjurations   | |  3.2

Action                   |  1- 3 |  4- 6 || total
-------------------------+-------+-------++-------
Melee: Unarmed           |     4 |       ||     4
       Dagger            |    54 |    27 ||    81
       Quarterstaff      |       |    64 ||    64
 Cast: Magic Dart        |    66 |   124 ||   190
       Searing Ray       |       |     5 ||     5
  Use: Scroll            |       |     2 ||     2
 Stab: Sleeping          |     1 |       ||     1
  Eat: Chunk             |     4 |    15 ||    19
Armor: Robe              |     7 |     6 ||    13
       Leather armour    |       |     2 ||     2
Dodge: Dodged            |    56 |   118 ||   174
       Rpst.: Long sword |       |     1 ||     1
